 Dungeon Crawl Stone Soup version 0.28-a0-268-g3f656e82c2 (webtiles) character file.

Game seed: 113806902347728095

725 Sweetruy1997 the Cutter (level 7, -2/61 HPs)
             Began as a Minotaur Berserker on Aug 29, 2021.
             Was a Believer of Trog.
             Shot with an arrow by a centaur (8 damage)
             ... on level 5 of the Dungeon.
             The game lasted 00:07:11 (3357 turns).

Sweetruy1997 the Cutter (Minotaur Berserker)        Turns: 3357, Time: 00:07:12

Health: -2/61      AC:  9    Str: 21    XL:     7   Next: 43%
Magic:  6/6        EV: 11    Int:  5    God:    Trog [**....]
Gold:   166        SH:  0    Dex: 11    Spells: 6/6 levels left

rFire   x . .      SeeInvis .   n - +1 dagger (drain)
rCold   + . .      Faith    .   (no shield)
rNeg    . . .      Spirit   .   q - +0 ring mail
rPois   .          Reflect  .   (helmet restricted)
rElec   .          Harm     .   (no cloak)
rCorr   .          Rampage  .   (no gloves)
Will    .....                   (no boots)
Stlth   +.........              (no amulet)
HPRegen 0.20/turn               l - ring of ice
MPRegen 0.10/turn               o - +4 ring of protection

@: on berserk cooldown, slowed, very slow
A: horns 2, retaliatory headbutt
a: Renounce Religion, Berserk, Trog's Hand


You were on level 5 of the Dungeon.
You worshipped Trog.
Trog was pleased with you.
You visited 1 branch of the dungeon, and saw 5 of its levels.

You collected 198 gold pieces.
You spent 32 gold pieces at shops.

Inventory:

Hand Weapons
 n - a +1 dagger of draining (weapon)
Missiles
 m - 2 javelins (quivered)
Armour
 q - a +0 ring mail (worn)
Jewellery
 l - a ring of ice (left hand)
 o - a +4 ring of protection (right hand)
Scrolls
 d - 2 scrolls of enchant weapon {unknown}
 e - a scroll of acquirement {unknown}
 f - a scroll of enchant armour {unknown}
 h - 2 scrolls of magic mapping
 j - 4 scrolls of teleportation
Potions
 a - a potion of brilliance {unknown}
 b - a potion of lignification {unknown}
 c - a potion of might {unknown}
 g - 2 potions of attraction {unknown}
 i - 2 potions of curing
 k - 2 potions of degeneration {unknown}
 p - a potion of resistance {unknown}


   Skills:
 - Level 5.0 Fighting
 + Level 6.1 Short Blades
 - Level 4.6 Axes
 - Level 3.0 Throwing
 + Level 3.1 Armour
 - Level 3.0 Dodging
 - Level 1.0 Stealth


You had 6 spell levels left.
You didn't know any spells.
Your spell library was empty.

Dungeon Overview and Level Annotations

Branches:
Dungeon (5/15)             Temple (0/1) D:5

Altars:
Sif Muna

Shops:
D:2 *


Innate Abilities, Weirdness & Mutations

You have a pair of horns on your head.
You reflexively headbutt those who attack you in melee.


Message History

The centaur shoots an arrow.
The arrow hits you.
You are no longer berserk.
You are exhausted.
You feel yourself slow down.
You see here an adder corpse.
The centaur shoots an arrow.
The arrow hits you.
* * * LOW HITPOINT WARNING * * *
The centaur shoots an arrow.
The arrow hits you.
* * * LOW HITPOINT WARNING * * *
The dart slug launches a dart at you.
The slug dart hits you but does no damage.
The centaur shoots an arrow.
The arrow barely misses you.
The centaur shoots an arrow.
The arrow barely misses you.
The centaur shoots an arrow.
The arrow hits you!
* * * LOW HITPOINT WARNING * * *
The dart slug launches a dart at you.
The slug dart hits you but does no damage.
You see here 2 scrolls of teleportation.
j - 4 scrolls of teleportation (gained 2)
The centaur shoots an arrow.
The arrow misses you.
You are too injured to fight recklessly!
Throw: 4 javelins
Press: ? - help, Q - select action, (/) - cycle Shift-Dir - straight line, f - dart slug
Aim: a dart slug (93% to hit)
You throw a javelin.
The javelin pierces through the dart slug.
The dart slug is lightly wounded.
The centaur shoots an arrow.
The arrow closely misses you.
The centaur shoots an arrow.
The arrow closely misses you.
The centaur shoots an arrow.
The arrow barely misses you.
Throw: 3 javelins
Press: ? - help, Q - select action, (/) - cycle Shift-Dir - straight line, f/p - dart slug
Aim: a dart slug (lightly wounded, 93% to hit)
You throw a javelin.
The javelin pierces through the dart slug!
The dart slug is almost dead.
You hear the slow hiss of a distant avalanche of sand.
The centaur shoots an arrow.
The arrow barely misses you.
The centaur shoots an arrow.
The arrow hits you!
You die...

*,* **,*,,,,,,,,,*,,,,,,,, *,*
#..).(.......##......, **,*
#................c...,
**,,***..........c..##.....,
**,,,,,,,...................,
***,,*,,*####................,,
***,,,**,,*.......(...........,,,
*,,,**,,,...###.w.........#***,**
,,,,,,,,,**#...=@...†...).## *,*
,,,,,,,,,*#..####...#...#..# *,*
,,,,,,,,,*,,****#..##...##.# *,*
,,,,,,,,>,,,***.........##.###,*
,,,,,,,,,,*,,................####
,,,,,,,,,,**#...#####..!.....#...
,,,,,,,,,,,,..##* #.#####..#.>.
,,,,,,,,,,,,..,*** *#.# ##.#...
,,,,,,,,,,,*,,,,,***,,* #.#.#.


You could see a centaur and a dart slug.

Vanquished Creatures
  Grinder (D:4)
  A black bear (D:4)
  An ogre (D:5)
  A water moccasin skeleton (D:4)
  3 iguanas (D:4)
  Natasha (thrice) (D:3)
  3 gnolls (D:4)
  5 adders
  A shadow imp (D:5)
  A white imp (D:5)
  2 worms (D:2)
  3 dart slugs
  2 orcs (D:3)
  7 endoplasms
  2 giant cockroaches
  6 goblins
  8 hobgoblins
  3 jackals (D:4)
  6 kobolds
  A quokka (D:1)
  8 ball pythons
  3 bats
  A frilled lizard (D:3)
  2 rats (D:1)
74 creatures vanquished.

Notes
Turn   | Place    | Note
-------+----------+-------------------------------------------
     0 | D:1      | Sweetruy1997 the Minotaur Berserker began the quest for the
                  | Orb.
     0 | D:1      | Reached XP level 1. HP: 19/19 MP: 0/0
   108 | D:1      | Found a faded altar of an unknown god.
   127 | D:1      | Reached XP level 2. HP: 25/27 MP: 1/1
   617 | D:2      | Found a shimmering blue altar of Sif Muna.
   682 | D:2      | Found Xoupn's Assorted Antiques.
   859 | D:2      | Bought 2 inky potions for 32 gold pieces
   872 | D:2      | Reached XP level 3. HP: 33/33 MP: 2/2
   984 | D:2      | Reached ** piety under Trog
  1601 | D:3      | Noticed Natasha
  1606 | D:3      | Killed Natasha
  1607 | D:3      | Reached XP level 4. HP: 39/41 MP: 3/3
  1825 | D:3      | Noticed Natasha
  1827 | D:3      | Killed Natasha
  1926 | D:3      | Noticed Natasha
  1929 | D:3      | Killed Natasha
  1930 | D:3      | Reached skill level 5 in Fighting
  1930 | D:3      | Reached skill level 1 in Stealth
  1976 | D:3      | Reached XP level 5. HP: 46/48 MP: 4/4
  2027 | D:3      | Reached skill level 1 in Throwing
  2475 | D:4      | Noticed a black bear
  2480 | D:4      | Killed a black bear
  2481 | D:4      | Reached skill level 1 in Short Blades
  2693 | D:4      | Reached XP level 6. HP: 46/56 MP: 5/5
  2696 | D:4      | Reached skill level 2 in Short Blades
  2827 | D:4      | Reached skill level 3 in Short Blades
  2864 | D:4      | Noticed Grinder
  2867 | D:4      | Paralysed by Grinder for 4 turns
  2876 | D:4      | Killed Grinder
  2877 | D:4      | Reached skill level 5 in Short Blades
  2877 | D:4      | Reached XP level 7. HP: 40/61 MP: 6/6
  3303 | D:5      | Entered Level 5 of the Dungeon
  3343 | D:5      | Reached skill level 6 in Short Blades
  3357 | D:5      | Shot with an arrow by a centaur

Illustrated notes

Levels and vault maps discovered:
D:1:      minmay_arrival_diagonal_passages, layout_rooms,
          hellmonk_ecumenical_altar_zigzags, serial_bayou_pond_d
D:2:      layout_basic, serial_shops, shop, basic_altar
D:3:      layout_loops_ring, uniq_natasha
D:4:      layout_basic, uniq_grinder
D:5:      layout_rooms, minmay_temple_entry_from_below_a,
          nicolae_ossuary_entry_monument, uniq_prince_ribbit1

Skill      XL: |  1  2  3  4  5  6  7 |
---------------+----------------------+-----
Fighting       | 4 5 |  5.0
Axes           | 4 |  4.6
Dodging        | 3 |  3.0
Stealth        | 1 |  1.0
Throwing       | 3 |  3.0
Short Blades   | 1 5 6 |  6.1
Armour         | 3 |  3.1

Action                   |  1- 3 |  4- 6 |  7- 9 || total
-------------------------+-------+-------+-------++-------
Melee: Hand axe          |    75 |     4 |       ||    79
       Headbutt          |    15 |    10 |     1 ||    26
       Dagger            |       |    38 |    18 ||    56
Throw: Javelin           |       |    58 |     5 ||    63
Invok: Berserk           |       |       |     1 ||     1
  Use: Scroll            |       |     3 |     1 ||     4
 Stab: Sleeping          |     4 |     1 |       ||     5
Armor: Animal skin       |    10 |     5 |       ||    15
       Ring mail         |       |       |     5 ||     5
Dodge: Dodged            |    57 |    31 |    10 ||    98

Table legend: (Time is in decaauts)
 A = Elapsed time spent in this place.
 B = Non-inter-level travel time spent in this place.
 C = Inter-level travel time spent in this place.
 D = Time resting spent in this place.
 E = Time spent auto-exploring this place.
 F = Levels seen in this place.
 G = Mean time per level.
                   A        B        C        D        E       F      G
               +--------+--------+--------+--------+--------+-----+--------+
         Total |   3383 |   3181 |    202 |    483 |   2203 |   5 |  676.6 |
       Dungeon |   3383 |   3181 |    202 |    483 |   2203 |   5 |  676.6 |
               +--------+--------+--------+--------+--------+-----+--------+

Top non-repeatable levels by time:
     D:2: 1078 daAuts
     D:4: 881 daAuts
     D:3: 797 daAuts
     D:1: 577 daAuts
     D:5: 48 daAuts
